 Dungeon Crawl Stone Soup version 0.22-a0-305-gd21a89c (webtiles) character file.

4007 Gildeon the Severer (level 10, -1/81 HPs)
             Began as a Minotaur Fighter on Mar 31, 2018.
             Was a Follower of Ashenzari.
             Slain by an orc warrior
             ... wielding a +0 halberd
              (7 damage)
             ... in a bailey.
             The game lasted 00:32:48 (7057 turns).

Gildeon the Severer (Minotaur Fighter)              Turns: 7057, Time: 00:32:51

Health: -1/81      AC: 21    Str: 20    XL:     10   Next: 3%
Magic:  9/9        EV:  4    Int:  7    God:    Ashenzari [*.....]
Gold:   337        SH: 12    Dex: 12    Spells: 8/9 levels left

rFire    . . .     SeeInvis .   a - +0 war axe
rCold    + . .     Gourm    .   c - +0 shield
rNeg     . . .     Faith    .   d - +3 plate armour (curse)
rPois    .         Spirit   .   (helmet restricted)
rElec    .         Reflect  +   p - +0 cloak (curse)
rCorr    .         Harm     .   (no gloves)
MR       .....     Clarity  +   x - +2 pair of boots
Stlth    ..........             b - +3 amulet of reflection
HPRegen  0.23/turn              t - ring of protection from cold
MPRegen  0.11/turn              v - ring of wizardry

@: no status effects
A: retaliatory headbutt, horns 2, talons 1, icy blue scales 1, clarity
a: Curse Item, Scrying, Renounce Religion


You were in a bailey.
You worshipped Ashenzari.
Ashenzari was aware of your devotion.
You were not hungry.

You visited 1 branch of the dungeon, and saw 9 of its levels.
You also visited: Bailey.

You collected 337 gold pieces.

Inventory:

Hand Weapons
 a - a +0 war axe (weapon)
 r - a +0 morningstar of venom
Armour
 c - a +0 shield (worn)
 d - a cursed +3 plate armour (worn)
 l - a scarf of resistance
 p - a cursed +0 cloak (worn)
 x - a +2 pair of boots (worn)
Jewellery
 b - a +3 amulet of reflection (around neck)
 t - a ring of protection from cold (left hand)
 v - a ring of wizardry (right hand)
 B - an uncursed ring of poison resistance
Wands
 s - a wand of digging (13)
Scrolls
 e - a scroll of remove curse
 m - a scroll of enchant armour
 n - a scroll of fear
 w - a scroll of identify
 y - a scroll of fog
 A - a scroll of teleportation
Potions
 g - 3 potions of curing
 i - a potion of heal wounds
 j - a potion of magic {unknown}
 k - a potion of ambrosia {unknown}
 o - a potion of agility {unknown}
 q - a potion of lignification {unknown}
 u - a potion of haste {unknown}
 z - a potion of berserk rage {unknown}
Comestibles
 f - 14 rations
 h - 7 chunks of flesh


   Skills:
 - Level 5.1 Fighting
 - Level 15.5 Axes
 - Level 5.0 Armour
 + Level 1.4 Dodging
 - Level 3.6 Shields


You had 8 spell levels left.
You knew the following spells:

 Your Spells              Type           Power        Failure   Level  Hunger
a - Beastly Appendage     Tmut           #.....       100%        1    ##.....


Dungeon Overview and Level Annotations

Branches:
Dungeon (9/15)             Temple (0/1) D:5
   Lair: D:8-11         Orc: D:9-12

Altars:
Ashenzari
Ru
Trog
Xom
The Shining One


Innate Abilities, Weirdness & Mutations

You reflexively headbutt those who attack you in melee.
You have a pair of horns on your head.
You have sharp toenails.
You are partially covered in icy blue scales. (AC +2)
You possess an exceptional clarity of mind.


Message History

You feel much better. The orc knight barely misses you.
The orc knight hits you from afar with an enchanted trident!!
The orc knight hits you from afar with a glaive!!
* * * LOW HITPOINT WARNING * * *
You feel much better. You block the orc warrior's attack.
The orc knight hits you from afar with an enchanted halberd.
The orc knight hits you from afar with an enchanted trident!
You closely miss the orc warrior.
The orc warrior is severely wounded.
The orc knight hits you from afar with a glaive!
* * * LOW HITPOINT WARNING * * *
The orc warrior hits you but does no damage.
You feel much better.
The orc knight hits you from afar with an enchanted halberd!!
* * * LOW HITPOINT WARNING * * *
The orc knight hits you from afar with an enchanted trident.
* * * LOW HITPOINT WARNING * * *
You block the orc knight's attack.
The orc warrior hits you with a halberd!
You die...

### ##∩## #.(.#
#@.o#
≈≈o≈≈.o..o..≈≈o
≈.oo≈.o.....≈oo
≈≈o≈≈.......≈≈o≈
.≈≈≈..#...#..≈≈≈
.....##...##....
##### ##∩## ####
##


You could see 3 orc knights, 6 orc warriors and 3 orcs.

Vanquished Creatures
  A hippogriff (D:7)
  The ghost of Amnesiac the Cutter, an amateur KoFi (D:4)
  A shadow (D:7)
  Menkaure (D:7)
  An ice beast (D:6)
  2 sky beasts (D:6)
  2 black bears
  4 orc warriors
  7 ogres
  2 centaurs
  A big kobold (D:9)
  2 bullfrogs
  3 scorpions
  A crimson imp (D:5)
  A quasit (D:7)
  6 hounds
  8 orc priests
  Crazy Yiuf (D:3)
  7 orc wizards
  A bullfrog skeleton (D:6)
  An iguana (D:5)
  6 worker ants
  2 hound zombies
  2 hound skeletons
  A worker ant zombie (D:2)
  7 gnolls
  2 howler monkey skeletons
  18 adders
  A shadow imp (D:6)
  2 oozes
  2 adder skeletons
  3 worms (D:2)
  2 dart slugs
  11 leopard geckos
  23 orcs
  A ball python (D:2)
  5 giant cockroaches
  10 goblins
  5 hobgoblins
  14 jackals
  4 quokkas
  3 bats (D:1)
  4 frilled lizards
  A goblin skeleton (D:7)
  A goblin zombie (D:7)
  3 hobgoblin zombies (D:7)
  14 kobolds
  A kobold zombie (D:7)
  A leopard gecko skeleton (D:5)
  2 leopard gecko zombies (D:6)
  An orc skeleton (D:7)
  An orc zombie (D:7)
  11 rats
  2 fungi (D:3)
220 creatures vanquished.

Vanquished Creatures (others)
  A centaur (D:6)
  A goblin (D:2)
2 creatures vanquished.

Grand Total: 222 creatures vanquished

Notes
Turn   | Place    | Note
-------+----------+-------------------------------------------
     0 | D:1      | Gildeon the Minotaur Fighter began the quest for the Orb.
     0 | D:1      | Reached XP level 1. HP: 19/19 MP: 0/0
   112 | D:1      | Reached skill level 3 in Axes
   200 | D:1      | Reached XP level 2. HP: 26/26 MP: 1/1
   421 | D:2      | Reached skill level 4 in Axes
   439 | D:2      | Reached XP level 3. HP: 25/31 MP: 2/2
   481 | D:2      | Reached skill level 5 in Axes
   620 | D:2      | Reached XP level 4. HP: 37/39 MP: 3/3
   782 | D:2      | Reached skill level 6 in Axes
  1143 | D:3      | Reached XP level 5. HP: 45/45 MP: 4/4
  1492 | D:4      | Reached skill level 7 in Axes
  1619 | D:4      | Noticed an orc warrior
  1619 | D:4      | Noticed Amnesiac's ghost (amateur KoFi)
  1641 | D:4      | Noticed an ogre
  1657 | D:5      | Entered Level 5 of the Dungeon
  1669 | D:5      | Killed an orc warrior
  1669 | D:5      | Reached XP level 6. HP: 21/51 MP: 5/5
  1868 | D:5      | Reached skill level 8 in Axes
  2056 | D:4      | Killed Amnesiac's ghost
  2056 | D:4      | Reached skill level 9 in Axes
  2056 | D:4      | Reached XP level 7. HP: 41/57 MP: 6/6
  2153 | D:4      | Found a glowing drain.
  2443 | D:3      | Found a shattered altar of Ashenzari.
  2459 | D:3      | Became a worshipper of Ashenzari the Shackled
  2796 | D:3      | Reached skill level 10 in Axes
  3042 | D:3      | Found a runed door.
  3046 | D:3      | Noticed Crazy Yiuf
  3052 | D:3      | Killed Crazy Yiuf
  3194 | D:4      | Noticed a moth of wrath
  3198 | D:4      | Found a bloodstained altar of Trog.
  3796 | D:5      | Found a staircase to the Ecumenical Temple.
  3802 | D:6      | Found a shimmering altar of Xom.
  3834 | D:5      | Reached skill level 11 in Axes
  3834 | D:5      | Reached XP level 8. HP: 43/64 MP: 7/7
  4205 | D:5      | Reached skill level 12 in Axes
  5137 | D:6      | Reached skill level 13 in Axes
  5262 | D:6      | Reached XP level 9. HP: 70/70 MP: 8/8
  5471 | D:6      | Reached skill level 14 in Axes
  5957 | D:7      | Reached skill level 15 in Axes
  6456 | D:7      | Found a glowing golden altar of the Shining One.
  6500 | D:7      | Reached * piety under Ashenzari
  6543 | D:7      | Learned a level 1 spell: Beastly Appendage
  6568 | D:7      | Noticed Menkaure
  6573 | D:7      | Killed Menkaure
  6573 | D:7      | Reached skill level 5 in Fighting
  6705 | D:7      | Found a sacrificial altar of Ru.
  6728 | D:7      | Gained mutation: You possess an exceptional clarity of mind. [potion of mutation]
  6728 | D:7      | Gained mutation: You have sharp toenails. [potion of mutation]
  6728 | D:7      | Gained mutation: You are partially covered in icy blue scales. (AC +2) [potion of mutation]
  6954 | D:9      | Reached skill level 5 in Armour
  6954 | D:9      | Reached XP level 10. HP: 78/81 MP: 9/9
  6959 | D:9      | Reached skill level 1 in Dodging
  7006 | D:9      | Found a flagged portal.
  7042 | Bailey   | Entered a bailey
  7042 | Bailey   | Noticed an orc knight
  7042 | Bailey   | Noticed an orc knight
  7050 | Bailey   | Noticed an orc knight
  7057 | Bailey   | Slain by an orc warrior

Vault maps used:
D:1:      dpeg_arrival_concentric_ovals
D:3:      lemuel_crystal_altar, minmay_misc_feat_five, uniq_crazy_yiuf_cottage
D:4:      first_ration, portal_sewer_entry_f, tgw_trog
D:5:      minmay_temple_entry_grid, minmay_checkerbox
D:6:      basic_altar
D:7:      nicolae_tso_besieged_by_evil, basic_altar, uniq_menkaure
D:8:      lair_entry_dummy, serial_shops, nicolae_shop_waterfront
D:9:      gammafunk_temple_overflow_pools, enter_bailey_2
Bailey:   bailey_polearm_4, bailey

Skill      XL: |  1  2  3  4  5  6  7  8  9 10 |
---------------+-------------------------------+-----
Axes           | 3 4 5 6 7 9 11 13 15 | 15.5
Fighting       | 5 |  5.1
Armour         | 5 |  5.0
Dodging        | 1 |  1.4
Shields        | |  3.6

Action                   |  1- 3 |  4- 6 |  7- 9 | 10-12 || total
-------------------------+-------+-------+-------+-------++-------
Melee: War axe           |    68 |   106 |   461 |    19 ||   654
       Headbutt          |     4 |    14 |    82 |     4 ||   104
Invok: Curse Item        |       |       |     3 |       ||     3
  Use: Scroll            |     7 |     1 |     9 |       ||    17
       Potion            |     1 |     1 |     3 |     3 ||     8
  Eat: Chunk             |       |     4 |     8 |       ||    12
       Ration            |       |       |     3 |       ||     3
Armor: Scale mail        |    36 |     5 |       |       ||    41
       Chain mail        |       |    52 |     7 |       ||    59
       Plate armour      |       |       |   204 |     7 ||   211
Dodge: Dodged            |    23 |    32 |    27 |     2 ||    84
Block: Shield            |    52 |    95 |   265 |    11 ||   423
       Reflection        |       |     2 |    10 |     3 ||    15

Table legend:
 A = Spawn XP
 B = Non-spawn XP
 C = Spawn XP percentage of total XP
 D = Spawn monster count
 E = Non-spawn monster count
 F = Spawn count percentage of total count
 G = Total turns spent on level
                    A         B        C        D         E        F      G
               +---------+---------+-------+---------+---------+-------+---------
         Total |       0 |    5725 |   0.0 |       0 |     220 |   0.0 |  7057
               +---------+---------+-------+---------+---------+-------+---------
           D:1 |       0 |      26 |   0.0 |       0 |      16 |   0.0 |   409
           D:2 |       0 |     180 |   0.0 |       0 |      35 |   0.0 |  1062
           D:3 |       0 |     189 |   0.0 |       0 |      28 |   0.0 |   874
           D:4 |       0 |     516 |   0.0 |       0 |      24 |   0.0 |  1036
           D:5 |       0 |    1339 |   0.0 |       0 |      40 |   0.0 |  1704
           D:6 |       0 |    1422 |   0.0 |       0 |      29 |   0.0 |   834
           D:7 |       0 |    1523 |   0.0 |       0 |      35 |   0.0 |   966
           D:8 |       0 |      31 |   0.0 |       0 |       4 |   0.0 |    48
           D:9 |       0 |     499 |   0.0 |       0 |       9 |   0.0 |   109
               +---------+---------+-------+---------+---------+-------+---------
